 Dungeon Crawl Stone Soup version 0.29.1-1-gd02db6906a (webtiles) character file.

Game seed: 7426914687124886358

81 MisterFreud the Twirler (level 4, 0/49 HPs)
             Began as a Formicid Gladiator on Oct 22, 2022.
             Slain by a gnoll
             ... wielding a +0 flail
              (3 damage)
             ... on level 2 of the Dungeon.
             The game lasted 00:01:42 (1837 turns).

MisterFreud the Twirler (Formicid Gladiator)        Turns: 1837, Time: 00:01:42

Health: 0/49       AC: 22    Str: 19    XL:     4   Next: 67%
Magic:  4/4        EV:  2    Int:  7    God:
Gold:   86         SH:  0    Dex: 17    Spells: 3/3 levels left

rFire   . . .      SeeInvis .   a - +0 quarterstaff
rCold   . . .      Faith    .   (no shield)
rNeg    . . .      Spirit   .   (body armour currently unavailable)
rPois   +          Reflect  .   (helmet unavailable)
rElec   .          Harm     .   (cloak currently unavailable)
rCorr   .          Rampage  .   (gloves currently unavailable)
Will    .....                   (boots currently unavailable)
Stlth   ++........              (no amulet)
HPRegen 0.16/turn               (no ring)
MPRegen 0.09/turn               (no ring)

@: tree-form
A: stationary, stasis, torment immunity, boosted hp, permanent stasis, dig
shafts and tunnels, (antennae 3), four strong arms
a: no special abilities


You were on level 2 of the Dungeon.
You were a tree.
You visited 1 branch of the dungeon, and saw 3 of its levels.

You collected 86 gold pieces.

Inventory:

Hand Weapons
 a - a +0 quarterstaff (weapon)
Missiles
 c - 3 throwing nets (quivered)
 d - a javelin
 m - 6 poisoned darts
Armour
 b - a +0 leather armour (melded)
Scrolls
 f - 3 scrolls of identify {unknown}
 g - a scroll of amnesia {unknown}
 h - a scroll of magic mapping {unknown}
 i - 2 scrolls of noise {unknown}
 n - a scroll of poison {unknown}
 o - a scroll of butterflies {unknown}
Potions
 e - a potion of lignification
 j - a potion of flight {unknown}
 k - 2 potions of curing {unknown}
 l - a potion of degeneration {unknown}


   Skills:
 - Level 2.1 Fighting
 + Level 5.1 Staves
 - Level 2.0 Throwing
 - Level 2.6 Dodging


You had 3 spell levels left.
You didn't know any spells.
Your spell library contained the following spells:

 Spells                   Type           Power      Damage    Failure   Level
 Apportation              Tloc           0%         N/A       43%         1
 Portal Projectile        Hex/Tloc       0%         N/A       80%         3
 Iskenderun's Mystic Bla  Conj/Tloc      0%         2d3       99%         4
 Conjure Ball Lightning   Conj/Air       0%         3x3d6     100%        6
 Discord                  Hex            0%         N/A       100%        8
 Disjunction              Tloc           0%         N/A       100%        8
 Dragon's Call            Summ           0%         N/A       100%        9


Dungeon Overview and Level Annotations

Branches:
Dungeon (3/15)

Altars:

Annotations:
D:2 1 runed translucent door, Crazy Yiuf
D:3 Robin


Innate Abilities, Weirdness & Mutations

You are a tree.
Your roots penetrate the ground, keeping you stationary.
You cannot be teleported.
You are immune to unholy pain and torment.
Your maximum health is greatly increased.
Your equipment is partially melded.
You cannot be hasted, slowed, berserked, paralysed or teleported.
You can dig through walls and to a lower floor.
((You have a pair of large antennae on your head. (SInv)))
Your four strong arms can wield two-handed weapons with a shield.


Message History

There is a stone staircase leading up here.
You climb upwards.
Level annotation: 1 runed translucent door, Crazy Yiuf
There is a stone staircase leading down here.
You hit the gnoll.
The gnoll is lightly wounded.
The gnoll misses you.
You barely miss the gnoll. You punch the gnoll, but do no damage.
The gnoll is lightly wounded.
The gnoll misses you.
You sock the gnoll!
You kill the gnoll!
No target in view!
You climb downwards.
Level annotation: Robin The gnoll barely misses you.
The gnoll hits you with a +0 flail. The gnoll closely misses you.
There is a stone staircase leading up here.
The gnoll hits you with a +0 flail. The gnoll barely misses you.
You climb upwards.
Level annotation: 1 runed translucent door, Crazy Yiuf
There is a stone staircase leading down here.
The gnoll misses you. The gnoll attacks as you move away! The gnoll misses you.
The gnoll attacks as you move away! The gnoll hits you but does no damage.
The gnoll attacks as you move away! The gnoll hits you with a +0 flail!
The gnoll attacks as you move away! The gnoll misses you.
You closely miss the gnoll. The gnoll hits you with a +0 flail.
The gnoll hits you with a +0 flail!
* * * LOW HITPOINT WARNING * * *
You thump the gnoll!
The gnoll is severely wounded.
The gnoll hits you with a +0 flail.
* * * LOW HITPOINT WARNING * * *
The gnoll barely misses you.
It was a potion of lignification.
You turn into a tree.
Your +0 leather armour melds into your body.
Your roots penetrate the ground.
The gnoll hits you but does no damage. The gnoll hits you with a +0 flail.
You die...

# #..)# #................# #
##### #.........#.###### #
#...<.....#.#
###########..#.##...#.#
.............#.###.##.#
.............#.###.#..#
...........#.#.##..#..#
...........#...##..#..#
......).......##♣.##.##
..............#gg.##.# ######
...............)>....# #####.....
.....................###.....###.
..#.........>............##### #.
###.#.#....).......)..#### ###.
.##...................### ###...
..#..#..................# ##...##
#...###.......).#.###.#.###..###


You could see 2 gnolls.

Vanquished Creatures
  A gnoll (D:2)
  An adder (D:2)
  3 dart slugs
  2 ball pythons
  5 endoplasms
  3 giant cockroaches (D:2)
  7 goblins
  7 hobgoblins
  4 quokkas
  6 bats
  A frilled lizard (D:2)
  8 kobolds
  3 rats
51 creatures vanquished.

Vanquished Creatures (others)
  A plant (D:1)
1 creature vanquished.

Grand Total: 52 creatures vanquished

Notes
Turn   | Place    | Note
-------+----------+-------------------------------------------
     0 | D:1      | MisterFreud the Formicid Gladiator began the quest for the
                  | Orb.
     0 | D:1      | Reached XP level 1. HP: 16/16 MP: 1/1
    99 | D:1      | Reached XP level 2. HP: 20/22 MP: 2/2
   253 | D:1      | Found a faded altar of an unknown god.
   288 | D:1      | Reached skill level 4 in Staves
   288 | D:1      | Reached XP level 3. HP: 27/27 MP: 3/3
   953 | D:2      | Got the Papyrus of the Friendly Compass
  1020 | D:2      | Found a runed translucent door.
  1021 | D:2      | Noticed Crazy Yiuf
  1081 | D:2      | Reached XP level 4. HP: 31/33 MP: 4/4
  1616 | D:3      | Noticed Robin
  1794 | D:3      | Reached skill level 5 in Staves
  1837 | D:2      | Slain by a gnoll

Illustrated notes

Levels and vault maps discovered:
D:1:      minmay_arrival_widening_spiral_wide, layout_rooms,
          shapermc_ecumenical_altar_gd
D:2:      layout_rooms, minmay_surrounded, uniq_crazy_yiuf_cottage
D:3:      layout_rooms, nicolae_overflow_hidden_temple, minmay_bisected,
          uniq_sigmund, uniq_robin

Skill      XL: |  1  2  3  4 |
---------------+-------------+-----
Staves         | 4 5 |  5.1
Fighting       | |  2.1
Throwing       | |  2.0
Dodging        | |  2.6

Action                   |  1- 3 |  4- 6 || total
-------------------------+-------+-------++-------
Melee: Quarterstaff      |    60 |    43 ||   103
       Punch             |     2 |     1 ||     3
  Use: Potion            |       |     1 ||     1
Armor: Leather armour    |    15 |     8 ||    23
       Skin              |       |     1 ||     1
Dodge: Dodged            |    32 |    31 ||    63
